 Dungeon Crawl Stone Soup version 0.31-a0-544-gceb718ecc6 (webtiles) character file.

Game seed: 7632263150876932407

37 Hubris850 the Changeling (level 3, 0/26 HPs)
             Began as a Merfolk Shapeshifter on Aug 15, 2023.
             Was an Initiate of Gozag.
             Slain by a gnoll
             ... wielding a +0 whip
              (5 damage)
             ... on level 1 of the Dungeon.
             The game lasted 00:02:10 (1125 turns).

Hubris850 the Changeling (Merfolk Shapeshifter)     Turns: 1125, Time: 00:02:10

Health: 0/26       AC:  2    Str: 15    XL:     3   Next: 41%
Magic:  3/3        EV: 13    Int:  9    God:    Gozag
Gold:   33         SH:  0    Dex: 14    Spells: 2/2 levels left

rFire   . .          .
                       - Unarmed
rCold   . . .        (no shield)
rNeg    . . .        a - +0 animal skin
rPois   .            (helmet currently unavailable)
rElec   .            (cloak currently unavailable)
rCorr   .            (gloves currently unavailable)
SInv    .            (boots currently unavailable)
Will    .....        (no amulet)
Stlth   +            g - ring of flight
HPRegen 0.24/turn    (no ring)
MPRegen 0.08/turn

%: no passive effects
@: beast-form, gold aura, flying
A: beast (slay +3), (nimble swimmer 2), mertail
a: Begin Untransformation, Renounce Religion, Potion Petition, Call Merchant,
Bribe Branch


You were on level 1 of the Dungeon.
You worshipped Gozag.
Gozag was noncommittal.
You were a hulking beast.
You visited 1 branch of the dungeon, and saw 2 of its levels.

You collected 33 gold pieces.

Inventory:

Armour
 a - a +0 animal skin (worn)
Magical Staves
 i - a staff of earth
Jewellery
 g - a ring of flight (left hand)
Talismans
 c - a beast talisman (active)
 d - a flux talisman
Scrolls
 e - 2 scrolls of teleportation {unknown}
 f - 3 scrolls of identify {unknown}
Potions
 b - 2 potions of lignification
 h - 3 potions of curing {unknown}


   Skills:
 - Level 1.1 Fighting
 - Level 3.0 Dodging
 + Level 4.0 Unarmed Combat
 + Level 4.6 Shapeshifting


You had 2 spell levels left.
You didn't know any spells.
Your spell library was empty.

Dungeon Overview and Level Annotations

Branches:
Dungeon (2/15)

Altars:
Gozag


Innate Abilities, Weirdness & Mutations

You are a hulking beast.
Your limbs bulge with bestial killing power. (Slay +3)
((You are very nimble when in or above water. (Stealth+, EV+, Speed+++)))
Your lower body shifts to a powerful aquatic tail in water.


Message History

You punch the gnoll!
The gnoll is severely wounded.
The gnoll is distracted by your dazzling golden aura.
The gnoll misses you. The gnoll hits you but does no damage.
The gnoll hits you with a +0 whip.
The gnoll shouts!
You fly upwards.
There is a stone staircase leading down here.
The gnoll closely misses you. The gnoll attacks as you move away!
The gnoll closely misses you. The gnoll closely misses you.
The gnoll attacks as you move away! The gnoll hits you with a +0 club.
You barely miss the gnoll. You closely miss the gnoll.
The gnoll hits you with a +0 club!
You punch the gnoll!
The gnoll is severely wounded.
The gnoll hits you with a +0 club.
You barely miss the gnoll.
The gnoll is severely wounded.
The gnoll closely misses you.
You closely miss the gnoll.
The gnoll is severely wounded.
The gnoll barely misses you.
You hit the gnoll.
The gnoll is almost dead.
The gnoll misses you.
You barely miss the gnoll.
The gnoll is almost dead.
The gnoll closely misses you.
You hit the gnoll.
You kill the gnoll!
Your Unarmed Combat skill increases to level 4!
You closely miss the gnoll. The gnoll closely misses you.
You barely miss the gnoll. The gnoll hits you with a +0 whip.
* * * LOW HITPOINT WARNING * * *
You hit the gnoll.
The gnoll is lightly wounded.
The gnoll hits you with a +0 whip.
You die...
Your body crumbles into a pile of gold.

#.....>..........####
#......###########
#............#
#####.#.#.######.#
#.....#...# #.# ##
#.....##########.# ##
#P##
#...........>....#
#P## ##.##
#....#....#....######
##.###.#.##
.....#.........gh...#
#<#.#.###.#
.....#....#....####.#
####.## ##.
.....#....###### #.#
#P## ## .....#....#
#.# ## #P .....#....#
#.# ## .....###.##
#.# .....###.## #.#
..........# #.#####
####......#
#####.##..#########


You could see a gnoll.

Vanquished Creatures
  A gnoll (D:1)
  A dart slug (D:1)
  3 bats
  3 endoplasms (D:1)
  A giant cockroach (D:1)
  2 goblins (D:1)
  4 hobgoblins
  A quokka (D:2)
  4 ball pythons (D:1)
  2 frilled lizards (D:1)
  A kobold (D:1)
  2 rats
25 creatures vanquished.

Notes
Turn   | Place    | Note
-------+----------+-------------------------------------------
     0 | D:1      | Hubris850 the Merfolk Shapeshifter began the quest for the
                  | Orb.
     0 | D:1      | Reached XP level 1. HP: 15/15 MP: 1/1
   303 | D:1      | Reached XP level 2. HP: 21/21 MP: 2/2
   337 | D:1      | Found a faded altar of an unknown god.
   932 | D:2      | Reached XP level 3. HP: 19/26 MP: 3/3
  1028 | D:1      | Prayed at the altar of an unknown god.
  1028 | D:1      | Became a worshipper of Gozag Ym Sagoz the Greedy
  1125 | D:1      | Slain by a gnoll

Illustrated notes

Levels and vault maps discovered:
D:1:      nagdon_arrival_zigzag_paths, layout_basic,
          nicolae_ecumenical_lake_church, amcnicky_mini_pool_small,
          nicolae_concentric_dashed_squares_wild
D:2:      layout_rooms

Skill      XL: |  1  2  3 |
---------------+----------+-----
Dodging        | 3 |  3.0
Unarmed Combat | 4 |  4.0
Fighting       | |  1.1
Shapeshifting  | |  4.6

Action                     || total
---------------------------++-------
  Melee: Unarmed           ||    70
         Punch             ||     1
   Stab: Sleeping          ||     1
 Armour: Animal skin       ||    13
  Dodge: Dodged            ||    53

Table legend: (Time is in decaauts)
 A = Elapsed time spent in this place.
 B = Non-inter-level travel time spent in this place.
 C = Inter-level travel time spent in this place.
 D = Time resting spent in this place.
 E = Time spent auto-exploring this place.
 F = Levels seen in this place.
 G = Mean time per level.
                   A        B        C        D        E       F      G
               +--------+--------+--------+--------+--------+-----+--------+
         Total |   1095 |    890 |    205 |      0 |    717 |   2 |  547.5 |
       Dungeon |   1095 |    890 |    205 |      0 |    717 |   2 |  547.5 |
               +--------+--------+--------+--------+--------+-----+--------+

Top non-repeatable levels by time:
     D:1: 1051 daAuts
     D:2: 43 daAuts
